Workbook

Sheet 授信额度
A1: 授信额度
A3: 设备 | E3: ɑ值 | F3: 项目租赁物件价格 | J3: 上年度收入
F4: 本期项目 | H4: 前期项目
A5: 医疗设备 | E5: 0.3
A6: 不动产 | E6: 0.3
A7: 交通运输设备（限车辆） | E7: 0.3
A8: 矿用设备 | E8: 0.2
A9: 建筑机械设备 | E9: 0.2
A10: 工业制造设备 | E10: 0.2
A11: 教学设备 | E11: 0.2
A12: 授信额度 | F12: =J5*20%+F5*E5+F6*E6+F7*E7+F8*E8+F9*E9+F10*E10+F11*E11+70%*(H5*E5+H7*E7+H8*E8+H10*E10+H11*E11) -> 0
A14: 客户融资额 | D14: 本期项目融资额 | F14: =调查报告!A19 -> 0
D15: 前期项目剩余融资额 | F15: 0
D16: 合计 | F16: =F14+F15 -> 0
A17: 注释：
A18: 一、 | B18: 授信额度计算公式 | D18: 上年度收入×20％＋租赁物件价格×ɑ值；
A19: 二、 | B19: 厂商 | D19: 新物件在评价导入时，确定ɑ值，列入厂商范围；
A20: 三、 | B20: 前期项目物件 | D20: 物件仍处于租赁期内，物件价格为该物件评估时确认价格，无论使用时间长短，均按70％折扣；
A21: 四、 | B21: 前期项目剩余融资额 | D21: 截至确定授信额度时，前期项目合计未偿还本金扣除合计保证金；

Sheet 调查报告
A1: 物流项目调查报告
A2: 租赁项目基本情况
A3: 项目编号 | C3: 项目名称
A4: 立项时间 | C4: 报告部门 | E4: 项目主办 | G4: 报告时间 | H4: 2010.1.21
A5: 交易结构
A6: 租赁类型 | B6: 融资租赁 | D6: 出租人 | E6: 远东国际租赁有限公司
A7: 承租客户 | G7: 双承租人 | H7: 承租人与评估主体关系
A8: 评估主体 | G8: 否 | H8: 同一人
A9: 说明
A10: 租赁物件
A11: 设备名称 | B11: 设备型号 | C11: 单价 | D11: 数量（台） | E11: 合计价款 | F11: 生产商 （国籍） | G11: 经销商 （国籍） | H11: 进口代理 | I11: 通过合 作方评审
A15: 交易条件（多个物件请合并填写）
A16: 设备价格 | B16: 首付款 | C16: 首付款比例 | D16: 保证金 | E16: 保证金比例 | F16: 手续费 | G16: 手续费比例 | H16: TCR | I16: IRR
A18: 融资金额 | B18: 融资比例 | C18: 租赁期限(年) | D18: 还租间隔 | E18: 还租方式 | F18: 每期租金 | G18: 租金报价方式 | H18: 留购价款 | I18: 实际利率
A20: 超授信额度 | B20: 否 | C20: 其他情 况说明
A21: 商务安排
A22: 商务进程 | B22: 贸易类型 | C22: 当前进度 | D22: 采购合同 签署时间 | E22: 预计取得 免表时间 | F22: 预计到货时间 | G22: 国内运输 | H22: 预计验收时间 | I22: 预计投保时间
E23: (无需免表)
B24: 交易条件 | C24: 付款节奏 | D24: 已运作阶段 | E24: 已付货款 | F24: 货物已到？ | G24: 发票出具？ | H24: 解决手段 | I24: 安全性评价
F25: 否 | G25: 否 | I25: 高
A26: 分次签约/起租 | B26: 否
A28: 信用证 | B28: 开证行 | D28: 信用证类型 | F28: 远期天数 | H28: 保证金比率
B29: 出具保函？ | D29: 保函金额 | F29: 预计开证时间 | H29: 预计信用证 议付时间
A30: 资金及票据 | B30: 发票抬头 | D30: 发票获得时点 | F30: 资金收 据出具方 | H30: 我司资金 支付方式
A31: 其他情 况说明
A32: 风险防范措施
A33: 保证 （自然人） | B33: 姓名 | C33: 关联关系 | D33: 身份证号码 | F33: 当地主要资产（固定资产及投资） | I33: 保证金额
A38: 保证 （法人） | B38: 保证人名称 | F38: 组织类别 | G38: 保证类型 | H38: 关联关系 | I38: 保证金额
A42: 抵押 | B42: 抵押物名称 | D42: 抵押物简况 | F42: 抵押方式 | G42: 抵押物价值 | H42: 抵押物权属 | I42: 使用年限（年）
A47: 回购 | B47: 回购方名称 | C47: 与租赁物关系 | D47: 是否经过评估 | E47: 回购金额 | F47: 回购协议 | G47: 是否满足回购条件 | H47: 解决方案
A51: 保险 | B51: 险种 | C51: 保险金额 | D51: 保险费用 | E51: 费率 | F51: 费用承担人 | G51: 投保人 | H51: 受益人 | I51: 保险单据 收取时间
A54: 合同公证 | B54: 是否办理公证 | C54: 公证费用 | D54: 费率 | E54: 费用承担人 | F54: 费用缴纳人
B55: 否
A56: 合作方未 通过评审
A57: 翻单客户 | B57: 无
A58: 其他情 况说明
A59: 项目准备情况
A60: 首付＋保证金＋手续费 | E60: 其他流动资金需求 | G60: 无
A61: 配套设备资金需求 | E61: 总自筹资金需求 | G61: 已到位
A62: 自筹资金来源 | E62: 自筹资金到位情况 | G62: 已到位
A63: 设备场所准备情况
A64: 操作人员配备情况
A65: 其他情况 说明
A66: 合同结构
A67: 主合同 | B67: 我司与承租人 | C67: 保证合同 | G67: 保证函
A68: 抵押合同 | C68: 回购合同 | E68: 商务合同 | H68: 其他文本
A69: 承租客户情况（当承租人非评估主体时，下面信息为评估主体，承租人信息在附件一填写）
A70: 基本资质
A71: 客户编号 | C71: 客户名称 | H71: 成立时间
A72: 法定地址 | H72: 邮政编码
A73: 实际经营地址 | H73: 邮政编码
A74: 法定代表人 | C74: 实际控制人 | E74: 组织类别 | G74: 贷款卡
A75: 注册资本 | C75: 实到资本 | E75: 主营业务范围
A76: 企业历史沿革
A77: 起止时间 | C77: 主要事件（企业成立、实体变更、股本/股东变化、管理层变动、业务转型等）
A82: 企业历史沿革：投融资活动（设备买卖、堆场仓库租赁购建及相关融资情况等）
A83: 时间 | B83: 主要事件 | E83: 资金额度及构成等
A88: 其他情况说明
A89: 治理结构及关联企业
A90: 股东 | B90: 法律身份 | C90: 出资额 | D90: 出资比例 | E90: 出资方式 | F90: 产权明晰 | G90: 与实际控 制人的关系 | H90: 身份 | I90: 持股目的
A93: 评价 | B93: 股权集中度 | D93: 股权复杂性 | F93: 股东稳定性 | H93: 控股股东 专注程度
A94: 董事会 | B94: 姓名 | C94: 职务 | D94: 身份 | E94: 地位 | F94: 是否需要决议 | G94: 议事规则 | I94: 预计决议 取得时点
A98: 管理层状况 | B98: 姓名 | C98: 职务 | D98: 职责 | E98: 身份 | F98: 企业任职年限 /从业年限 | G98: 简历（学历、从业经历等）
A100: 评价 | B100: 管理经验及能力 | D100: 专业经验及能力 | F100: 团队合作 | H100: 完善措施
A101: 关联企业情况 | B101: 企业名称 | D101: 关联类型 | E101: 关联交易规模 | F101: 业务配合 | G101: 关联程度说明及控制建议
A105: 分公司 | B105: 名称 | D105: 地址 | F105: 负责人 | G105: 主营范围
B106: 无
A108: 实际控制人 | B108: 姓名 | C108: 身份 | D108: 控制地位判断依据 | G108: 租赁认知程度 | H108: 对我司 认可程度 | I108: 前期配合态度
A113: 其他情况说明
A114: 承租人非财务分析
A115: 管理
A116: 管理活动
A118: 经营思路
A120: 组织结构 及人员配备 | C120: 董事会 | D120: 经理层 | E120: 财务管理人员 | F120: 生产型人员 | G120: 研发型人员 | H120: 其他人员
B121: 人数
B122: 人员结构 及素质评价
A125: 其他情况说明
A128: 经营
A129: 设备类型及数量 | B129: 设备名称 | C129: 数量 | D129: 工作负荷描述
A135: 经营能力 | B135: 日工作班数
B136: 日工作小时
B137: 年工作小时
B138: 产能利用水平
A139: 其他说明
A142: 营销活动
A143: 营销管理
A145: 客户群构成 | F145: 客户群数量 | H145: 客户集中度
A146: 主要业务构成 | B146: 细分市场
B147: 市场竞争状态 | E147: 竞争优势 | G147: 行业地位
A154: 其他情况说明
A156: 租赁期经营计划
A157: 业务拓展计划
A159: 生产管理计划
A161: 投资计划
A163: 融资计划
A165: 承租人财务信息
A166: 财务报表 | B166: 报告日 | D166: 内外帐 | E166: 内帐 | F166: 获得方式 | H166: 质量评价
A167: 土地 | B167: 面积(平米) | C167: 地址 | D167: 权属 | E167: 原值 | F167: 尾款 | G167: 购买/租赁年份 | H167: 租赁期 | I167: 年租金
A169: 固定资产 | B169: 房产
B170: 面积（平米） | C170: 地址 | D170: 权属 | E170: 原值 | F170: 尾款 | G170: 建造/租赁年度 | H170: 租赁期 | I170: 年租金
...

Sheet 前期项目
A1: 翻单项目各期简介
A2: 项目 | B2: 一期 | D2: 二期 | F2: 三期
A3: 物件
A4: 项目金额
A5: 融资额
A6: 保证措施
A7: 租赁起止日
A8: 租金偿还记录
A9: 偿还笔数数
A10: 偿还租金
A11: 逾期笔数
A12: 逾期原因
A13: 物件使用状态
A14: 剩余本金

Sheet 资产负债表
A1: 资产负债表 | B1: 年份 | G1: 结构百分比 | K1: 增长率
B2: 2011年度 | C2: 2010年度 | D2: 2009年度 | E2: 2008年度 | G2: 37621 | H2: 37986 | I2: 38352 | K2: 37621 | L2: 37986 | M2: 38352
A3: 资 产
A4: 流动资产
A5: 货币资金
A6: 短期投资(净值）
A7: 应收股利
A8: 应收利息
A9: 应收票据
A10: 应收帐款
A11: 其他应收款
A12: 预付帐款
A13: 应收补贴款
A14: 存货（净值）
... A18: 待转其他业务支出
A19: 流动资产合计 | B19: =SUM(B5:B18) -> 0 | C19: =SUM(C5:C18) -> 0 | D19: =SUM(D5:D18) -> 0 | E19: =SUM(E5:E18) -> 0
A20: 长期投资
A21: 长期股权投资
A22: 长期债权投资
A23: 减：长期投资减值准备
A24: 长期投资合计 | B24: =SUM(B21:B22)-B23 -> 0 | C24: =SUM(C21:C22)-C23 -> 0 | D24: =SUM(D21:D22)-D23 -> 0 | E24: =SUM(E21:E22)-E23 -> 0
A25: 固定投资
A26: 固定资产原价
A27: 减：累计折旧
A28: 固定资产净值 | B28: =B26-B27 -> 0 | C28: =C26-C27 -> 0 | D28: =D26-D27 -> 0 | E28: =E26-E27 -> 0
A29: 减: 固定资产减值准备
A30: 固定资产净额 | B30: =B26-B27-B29 -> 0 | C30: =C26-C27-C29 -> 0 | D30: =D26-D27-D29 -> 0 | E30: =E26-E27-E29 -> 0
A31: 工程物资
A32: 在建工程
A33: 固定资产清理
A34: 固定资产合计 | B34: =B30+B31+B32-B33 -> 0 | C34: =C30+C31+C32-C33 -> 0 | D34: =D30+D31+D32-D33 -> 0 | E34: =E30+E31+E32-E33 -> 0
A35: 无形资产及其他资产
A36: 无形资产
A37: 长期待摊费用
A38: 递延资产
A39: 其他长期资产
A40: 无形资产及其他资产合计 | B40: =SUM(B36:B39) -> 0 | C40: =SUM(C36:C39) -> 0 | D40: =SUM(D36:D39) -> 0 | E40: =SUM(E36:E39) -> 0
A41: 递延税项
A42: 递延税项借项
A43: 资产总计 | B43: =B40+B34+B24+B19 -> 0 | C43: =C40+C34+C24+C19 -> 0 | D43: =D40+D34+D24+D19 -> 0 | E43: =E40+E34+E24+E19 -> 0
A44: 负债及所有者权益
A45: 流动负债
A46: 短期借款
A47: 应付票据
A48: 应付帐款
A49: 预收帐款
A50: 应付工资
A51: 应付福利款
A52: 应付股利
A53: 应交税金
A54: 其他应交款
A55: 其他应付款
... A60: 其他流动负债
A61: 流动负债合计 | B61: =SUM(B46:B60) -> 0 | C61: =SUM(C46:C60) -> 0 | D61: =SUM(D46:D60) -> 0 | E61: =SUM(E46:E60) -> 0
A62: 长期负债：
A63: 长期借款
A64: 应付债卷
A65: 长期应付款
A66: 专项应付款
A67: 其他长期负债
A68: 长期负债合计 | B68: =SUM(B63:B67) -> 0 | C68: =SUM(C63:C67) -> 0 | D68: =SUM(D63:D67) -> 0 | E68: =SUM(E63:E67) -> 0
A69: 递延税项：
A70: 递延税款贷项
A71: 负债合计 | B71: =B61+B68 -> 0 | C71: =C61+C68 -> 0 | D71: =D61+D68 -> 0 | E71: =E61+E68 -> 0
A72: 少数股东权益
A73: 所有者权益
A74: 实收资本
A75: 其中：国有法人资本
A76: 实收资本净额
A77: 资本公积
A78: 盈余公积
A79: 其中：法定盈余公积
A80: 法定公益金
A81: 任意盈余公积
A82: 储备基金
A83: 企业发展基金
... A87: 外币报表折算差额
A88: 所有者权益合计 | B88: =B76+B77+B85+B78+B72+B86+B87 -> 0 | C88: =C76+C77+C85+C78+C72+C86+C87 -> 0 | D88: =D76+D77+D85+D78+D72+D86+D87 -> 0 | E88: =E76+E77+E85+E78+E72+E86+E87 -> 0
A89: 负债及所有者权益总计 | B89: =B71+B88 -> 0 | C89: =C71+C88 -> 0 | D89: =D71+D88 -> 0 | E89: =E71+E88 -> 0

Sheet 损益表
A1: 损益表 | B1: 年份 | G1: 结构百分比 | K1: 增长率 | O1: 趋势指数（2002年=100）
B2: =资产负债表!B2 -> 2011年度 | C2: =资产负债表!C2 -> 2010年度 | D2: =资产负债表!D2 -> 2009年度 | E2: =资产负债表!E2 -> 2008年度 | G2: 37621 | H2: 37986 | I2: 38352 | K2: 37621 | L2: 37986 | M2: 38352 | O2: 37621 | P2: 37986 | Q2: 38352
A3: 一、主营业务收入
A4: 减：主营业务成本
A5: 主营业务税金及附加
A6: 二、主营业务利润 | B6: =B3-B4-B5 -> 0 | C6: =C3-C4-C5 -> 0 | D6: =D3-D4-D5 -> 0 | E6: =E3-E4-E5 -> 0
A7: 加：其他业务利润
A8: 减：营业费用
A9: 管理费用
A10: 财务费用
A11: 三、营业利润 | B11: =B6+B7-B8-B9-B10 -> 0 | C11: =C6+C7-C8-C9-C10 -> 0 | D11: =D6+D7-D8-D9-D10 -> 0 | E11: =E6+E7-E8-E9-E10 -> 0
A12: 加：投资收益
A13: 补贴收入
A14: 营业外收入
A15: 减：营业外支出
A16: 四、利润总额 | B16: =B11+B12+B13+B14+-B15 -> 0 | C16: =C11+C12+C13+C14+-C15 -> 0 | D16: =D11+D12+D13+D14+-D15 -> 0 | E16: =E11+E12+E13+E14+-E15 -> 0
A17: 减：应交所得税
A18: 少数股东权益
A19: 支付中方合资伙伴定额利润
A20: 加：未确认投资损失
A21: 五、净利润 | B21: =B16-B17-B18-B19+B20 -> 0 | C21: =C16-C17-C18-C19+C20 -> 0 | D21: =D16-D17-D18-D19+D20 -> 0 | E21: =E16-E17-E18-E19+E20 -> 0
A22: 加：年初未分配利润
A23: 其他转入
A24: 减：上年所得税调整
A25: 可供分配的利润
A26: 减：提取法定盈余公积
A27: 提取法定公益金
A28: 提取职工奖励及福利基金
A29: 提取储备基金
A30: 提取企业发展基金
A31: 利润归还投资
A32: 可供投资者分配的利润
A33: 减：应付优先股股利
... A37: 未分配利润

Sheet 现金流量表
A1: 现金流量表 | B1: 年份 | F1: 结构百分比 | J1: 增长率 | N1: 趋势指数（2002年=100）
B2: =损益表!B2 -> 2011年度 | C2: =损益表!C2 -> 2010年度 | D2: =资产负债表!D2 -> 2009年度 | F2: 37621 | G2: 37986 | H2: 38352 | J2: 37621 | K2: 37986 | L2: 38352 | N2: 37621 | O2: 37986 | P2: 38352
A3: 直接法
A4: 一、经营活动产生的现金流
A5: 销售商品、提供劳务收到的现金
A6: 收到的利税返还
A7: 收到的其他与经营活动有关的现金
A8: 现金流入小计 | B8: =SUM(B5:B7) -> 0 | C8: =SUM(C5:C7) -> 0 | D8: =SUM(D5:D7) -> 0
A9: 购买商品、接受劳务支付的现金
A10: 支付给职工以及为职工支付的现金
A11: 支付的各项税费
A12: 支付的其他与经营活动有关的现金
A13: 现金流出小计 | B13: =SUM(B9:B12) -> 0 | C13: =SUM(C9:C12) -> 0 | D13: =SUM(D9:D12) -> 0
A14: 经营活动产生的现金流量净额 | B14: =B8-B13 -> 0 | C14: =C8-C13 -> 0 | D14: =D8-D13 -> 0
A15: 二、投资活动产生的现金流量
A16: 收回投资所收到的现金
A17: 取得投资收益所得到的现金
A18: 处置资产所支付的现金净额
A19: 收到的其他与投资活动有关的现金
A20: 现金流入小计 | B20: =SUM(B16:B19) -> 0 | C20: =SUM(C16:C19) -> 0 | D20: =SUM(D16:D19) -> 0
A21: 构建资产所支付的现金
A22: 投资所支付的现金
A23: 支付的其他与投资活动有关的现金
A24: 现金流出小计 | B24: =SUM(B21:B23) -> 0 | C24: =SUM(C21:C23) -> 0 | D24: =SUM(D21:D23) -> 0
A25: 投资活动产生的净现金流量 | B25: =B20-B24 -> 0 | C25: =C20-C24 -> 0 | D25: =D20-D24 -> 0
A26: 三、筹资活动产生的现金流量
A27: 吸收投资所收到的现金
A28: 借款所收到的现金
A29: 收到的其他与筹资活动有关的现金
A30: 现金流入小计 | B30: =SUM(B27:B29) -> 0 | C30: =SUM(C27:C29) -> 0 | D30: =SUM(D27:D29) -> 0
A31: 偿还债务所支付的现金
A32: 分配股利、利润或偿付利息支付的现金
A33: 支付的其他与筹资活动有关的现金
A34: 现金流出小计 | B34: =SUM(B31:B33) -> 0 | C34: =SUM(C31:C33) -> 0 | D34: =SUM(D31:D33) -> 0
A35: 筹资活动产生的净现金流量 | B35: =B30-B34 -> 0 | C35: =C30-C34 -> 0 | D35: =D30-D34 -> 0
A36: 四、汇率变动对现金的影响
A37: 五、现金及现金等价物净增加额 | B37: =B14+B25+B35+B36 -> 0 | C37: =C14+C25+C35+C36 -> 0 | D37: =D14+D25+D35+D36 -> 0
A39: 间接法
A40: 1、将净利润调解为经营活动现金流量
A41: 净利润
A42: 加：少数股东本期损益
A43: 未确认的投资收益
A44: 计提的坏账准备
A45: 计提的资产固定减值准备
A46: 固定资产折旧
A47: 无形资产摊销
A48: 长期待摊费用摊销
A49: 待摊费用减少（减：增加）
A50: 预提费用增加（减：减少）
... A59: 其他
A60: 经营活动产生的净现金流量 | B60: =SUM(B41:B59) -> 0 | C60: =SUM(C41:C59) -> 0 | D60: =SUM(D41:D59) -> 0
A61: 2、不涉及现金收支的筹资和投资活动
A62: 债务转为资本
A63: 一年内到期的可转换公司债券
A64: 融资租入固定资产
A65: 实物资产转投资
A66: 3、现金及现金等价物净增加情况
A67: 现金的期末余额
A68: 减：现金的期初余额
A69: 加：现金等价物的期末余额
A70: 减：现金等价物的期初余额
A71: 现金及现金等价物的净增加额

Sheet 保证人
A1: 附件二 | B1: 保证人（非评估主体）
A2: 基本资质
A3: 客户编号 | C3: 客户名称 | H3: 成立时间
A4: 法定地址 | H4: 邮政编码
A5: 实际经营地址 | H5: 邮政编码
A6: 法定代表人 | C6: 实际控制人 | E6: 组织类别 | G6: 贷款卡
A7: 注册资本 | C7: 实到资本 | E7: 主营业务范围
A8: 治理结构及关联企业
A9: 股东 | B9: 法律身份 | C9: 出资额 | D9: 出资比例 | E9: 出资方式 | F9: 产权明晰 | G9: 与实际控 制人的关系 | H9: 身份 | I9: 持股目的
A15: 董事会 | B15: 构成 | C15: 董事长 | D15: 地位 | E15: 是否需要决议 | F15: 议事规则 | H15: 能够获得 | I15: 预计决议 取得时点
A17: 关联企业情况 | B17: 企业名称 | D17: 关联类型 | E17: 关联交易规模 | F17: 业务配合 | G17: 关联程度说明及控制建议
A21: 实际控制人 | B21: 姓名 | C21: 身份 | D21: 控制地位判断依据 | G21: 与承租人实际控制人关系
A23: 其他情况说明
A24: 保证人财务信息
A25: 财务信息 | B25: 报表报告日 | C25: 资产总额 | D25: 固定资产总额 | E25: 应收帐款 | F25: 负债总额 | G25: 银行借款 | H25: 主营业务收入 | I25: 利润水平
A29: 与承租人关系
A30: 管理
A31: 业务
A32: 客户
A33: 其他情况说明

Sheet 保证人资产负债表
A1: 资产负债表 | B1: 年份 | G1: 结构百分比 | K1: 增长率
B2: 2011年度 | C2: 2010年度 | D2: 2009年度 | E2: 2008年度 | G2: 37621 | H2: 37986 | I2: 38352 | K2: 37621 | L2: 37986 | M2: 38352
A3: 资 产
A4: 流动资产
A5: 货币资金
A6: 短期投资(净值）
A7: 应收股利
A8: 应收利息
A9: 应收票据
A10: 应收帐款
A11: 其他应收款
A12: 预付帐款
A13: 应收补贴款
A14: 存货（净值）
... A18: 待转其他业务支出
A19: 流动资产合计 | B19: =SUM(B5:B18) -> 0 | C19: =SUM(C5:C18) -> 0 | D19: =SUM(D5:D18) -> 0 | E19: =SUM(E5:E18) -> 0
A20: 长期投资
A21: 长期股权投资
A22: 长期债权投资
A23: 减：长期投资减值准备
A24: 长期投资合计 | B24: =SUM(B21:B22)-B23 -> 0 | C24: =SUM(C21:C22)-C23 -> 0 | D24: =SUM(D21:D22)-D23 -> 0 | E24: =SUM(E21:E22)-E23 -> 0
A25: 固定投资
A26: 固定资产原价
A27: 减：累计折旧
A28: 固定资产净值 | B28: =B26-B27 -> 0 | C28: =C26-C27 -> 0 | D28: =D26-D27 -> 0 | E28: =E26-E27 -> 0
A29: 减: 固定资产减值准备
A30: 固定资产净额 | B30: =B26-B27-B29 -> 0 | C30: =C26-C27-C29 -> 0 | D30: =D26-D27-D29 -> 0 | E30: =E26-E27-E29 -> 0
A31: 工程物资
A32: 在建工程
A33: 固定资产清理
A34: 固定资产合计 | B34: =B30+B31+B32-B33 -> 0 | C34: =C30+C31+C32-C33 -> 0 | D34: =D30+D31+D32-D33 -> 0 | E34: =E30+E31+E32-E33 -> 0
A35: 无形资产及其他资产
A36: 无形资产
A37: 长期待摊费用
A38: 递延资产
A39: 其他长期资产
A40: 无形资产及其他资产合计 | B40: =SUM(B36:B39) -> 0 | C40: =SUM(C36:C39) -> 0 | D40: =SUM(D36:D39) -> 0 | E40: =SUM(E36:E39) -> 0
A41: 递延税项
A42: 递延税项借项
A43: 资产总计 | B43: =B40+B34+B24+B19 -> 0 | C43: =C40+C34+C24+C19 -> 0 | D43: =D40+D34+D24+D19 -> 0 | E43: =E40+E34+E24+E19 -> 0
A44: 负债及所有者权益
A45: 流动负债
A46: 短期借款
A47: 应付票据
A48: 应付帐款
A49: 预收帐款
A50: 应付工资
A51: 应付福利款
A52: 应付股利
A53: 应交税金
A54: 其他应交款
A55: 其他应付款
... A60: 其他流动负债
A61: 流动负债合计 | B61: =SUM(B46:B60) -> 0 | C61: =SUM(C46:C60) -> 0 | D61: =SUM(D46:D60) -> 0 | E61: =SUM(E46:E60) -> 0
A62: 长期负债：
A63: 长期借款
A64: 应付债卷
A65: 长期应付款
A66: 专项应付款
A67: 其他长期负债
A68: 长期负债合计 | B68: =SUM(B63:B67) -> 0 | C68: =SUM(C63:C67) -> 0 | D68: =SUM(D63:D67) -> 0 | E68: =SUM(E63:E67) -> 0
A69: 递延税项：
A70: 递延税款贷项
A71: 负债合计 | B71: =B61+B68 -> 0 | C71: =C61+C68 -> 0 | D71: =D61+D68 -> 0 | E71: =E61+E68 -> 0
A72: 少数股东权益
A73: 所有者权益
A74: 实收资本
A75: 其中：国有法人资本
A76: 实收资本净额
A77: 资本公积
A78: 盈余公积
A79: 其中：法定盈余公积
A80: 法定公益金
A81: 任意盈余公积
A82: 储备基金
A83: 企业发展基金
... A87: 外币报表折算差额
A88: 所有者权益合计 | B88: =B76+B77+B85+B78+B72+B86+B87 -> 0 | C88: =C76+C77+C85+C78+C72+C86+C87 -> 0 | D88: =D76+D77+D85+D78+D72+D86+D87 -> 0 | E88: =E76+E77+E85+E78+E72+E86+E87 -> 0
A89: 负债及所有者权益总计 | B89: =B71+B88 -> 0 | C89: =C71+C88 -> 0 | D89: =D71+D88 -> 0 | E89: =E71+E88 -> 0

Sheet 保证人损益表
A1: 损益表 | B1: 年份 | G1: 结构百分比 | K1: 增长率 | O1: 趋势指数（2002年=100）
B2: =资产负债表!B2 -> 2011年度 | C2: =资产负债表!C2 -> 2010年度 | D2: =资产负债表!D2 -> 2009年度 | E2: =资产负债表!E2 -> 2008年度 | G2: 37621 | H2: 37986 | I2: 38352 | K2: 37621 | L2: 37986 | M2: 38352 | O2: 37621 | P2: 37986 | Q2: 38352
A3: 一、主营业务收入
A4: 减：主营业务成本
A5: 主营业务税金及附加
A6: 二、主营业务利润 | B6: =B3-B4-B5 -> 0 | C6: =C3-C4-C5 -> 0 | D6: =D3-D4-D5 -> 0 | E6: =E3-E4-E5 -> 0
A7: 加：其他业务利润
A8: 减：营业费用
A9: 管理费用
A10: 财务费用
A11: 三、营业利润 | B11: =B6+B7-B8-B9-B10 -> 0 | C11: =C6+C7-C8-C9-C10 -> 0 | D11: =D6+D7-D8-D9-D10 -> 0 | E11: =E6+E7-E8-E9-E10 -> 0
A12: 加：投资收益
A13: 补贴收入
A14: 营业外收入
A15: 减：营业外支出
A16: 四、利润总额 | B16: =B11+B12+B13+B14+-B15 -> 0 | C16: =C11+C12+C13+C14+-C15 -> 0 | D16: =D11+D12+D13+D14+-D15 -> 0 | E16: =E11+E12+E13+E14+-E15 -> 0
A17: 减：应交所得税
A18: 少数股东权益
A19: 支付中方合资伙伴定额利润
A20: 加：未确认投资损失
A21: 五、净利润 | B21: =B16-B17-B18-B19+B20 -> 0 | C21: =C16-C17-C18-C19+C20 -> 0 | D21: =D16-D17-D18-D19+D20 -> 0 | E21: =E16-E17-E18-E19+E20 -> 0
A22: 加：年初未分配利润
A23: 其他转入
A24: 减：上年所得税调整
A25: 可供分配的利润
A26: 减：提取法定盈余公积
A27: 提取法定公益金
A28: 提取职工奖励及福利基金
A29: 提取储备基金
A30: 提取企业发展基金
A31: 利润归还投资
A32: 可供投资者分配的利润
A33: 减：应付优先股股利
... A37: 未分配利润

Sheet 现场照片采集表
A1: 承租人正门及门牌 | F1: 承租人营业执照悬挂场所
A17: 法人代表合影 | F17: 其他管理人员合影
A33: 承租人主要经营场所-1 | F33: 承租人主要经营场所-2
A49: 承租人主要经营场所-3 | F49: 承租人主要经营场所-4
A65: 承租人主要生产及经营设备-1 | F65: 承租人主要生产及经营设备-2
A81: 承租人主要生产及经营设备-3 | F81: 承租人主要生产及经营设备-4
A97: 拟购租赁物件设置场所
